 Dungeon Crawl Stone Soup version 0.30-b1-2-g02819fbbbe (webtiles) character file.

Game seed: 15725061284440552317

7177 Hackman the Cleaver (level 10, 0/88 HPs)
             Began as a Green Draconian Transmuter on July 2, 2023.
             Was the Champion of Jiyva.
             Slain by a komodo dragon (5 damage)
             ... while petrified by a basilisk
             ... on level 1 of the Lair of Beasts.
             The game lasted 00:55:36 (4710 turns).

Hackman the Cleaver (Green Draconian Transmuter)    Turns: 4710, Time: 00:55:38

Health: 0/88       AC: 10    Str: 16    XL:     10   Next: 86%
Magic:  16/16      EV:  2    Int: 14    God:    Jiyva [******]
Gold:   384        SH:  0    Dex: 12    Spells: 15/18 levels left

rFire   . . .        b - +2 morningstar (heavy)
rCold   . . .        J - +0 kite shield
rNeg    + + +        (body armour unavailable)
rPois   ∞            (helmet restricted)
rElec   .            (no cloak)
rCorr   +            (no gloves)
SInv    .            (no boots)
Will    .....        (no amulet)
Stlth   ++           f - ring of positive energy
HPRegen 1.94/turn    (no ring)
MPRegen 0.65/turn

%: no passive effects
@: petrified
A: breathe noxious fumes, AC +7, unfitting armour, poison resistance,
cold-blooded, acidic bite, gelatinous body 3, translucent skin 2, engulf
a: Breathe Noxious Fumes, Renounce Religion, Oozemancy, Slimify


You were on level 1 of the Lair of Beasts.
You worshipped Jiyva.
Jiyva was exalted by your worship.
You visited 3 branches of the dungeon, and saw 10 of its levels.
You also visited: Ossuary.

You collected 384 gold pieces.

Inventory:

Hand Weapons
 b - a +2 heavy morningstar (weapon)
 k - a +1 flail of protection
 l - a +1 war axe of freezing
 o - a +0 hand axe of electrocution
 w - a +2 trident of venom
 x - a +5 great sword
 D - a +3 mace of freezing
 E - a +3 hand axe
 F - a +4 spear of freezing
Missiles
 g - 14 poisoned darts
 h - 81 stones
 m - 4 curare-tipped darts
 H - a boomerang
Armour
 C - +0 acid dragon scales
 J - a +0 kite shield (worn)
Jewellery
 f - a ring of positive energy (left hand)
 y - a +6 ring of strength
Wands
 I - a wand of charming (4)
Scrolls
 d - a scroll of fog
 e - a scroll of identify
 j - 2 scrolls of enchant armour {unknown}
 n - a scroll of enchant weapon {unknown}
 r - 2 scrolls of fear {unknown}
 v - 2 scrolls of noise {unknown}
 A - 2 scrolls of blinking {unknown}
Potions
 a - a potion of lignification
 c - 2 potions of magic {unknown}
 i - a potion of flight {unknown}
 p - a potion of resistance {unknown}
 q - a potion of cancellation
 s - 2 potions of haste {unknown}
 t - 3 potions of heal wounds {unknown}
 u - a potion of curing {unknown}
 z - a potion of berserk rage {unknown}
 B - a potion of degeneration {unknown}
 G - a potion of brilliance {unknown}


   Skills:
 * Level 8.0 Fighting
 - Level 9.6(10.6) Axes
 * Level 7.2(9.5) Maces & Flails
 + Level 5.7 Dodging
 + Level 1.3 Shields
 - Level 3.8 Unarmed Combat
 + Level 4.5 Spellcasting
 + Level 4.6 Transmutations


You had 15 spell levels left.
You knew the following spells:

 Your Spells              Type           Power      Damage    Failure   Level
a - Beastly Appendage     Tmut           32%        N/A       9%          1
b - Wereblood             Tmut           16%        N/A       13%         2

Your spell library contained the following spells:

 Spells                   Type           Power      Damage    Failure   Level
 Spider Form              Tmut/Pois      9%         N/A       56%         3
 Ignite Poison            Fire/Tmut/Pois 7%         N/A       67%         3
 Inner Flame              Hex/Fire       3%         N/A       87%         3
 Ice Form                 Ice/Tmut       9%         N/A       92%         4
 Flame Wave               Conj/Fire      3%         2d5       99%         4
 Sticky Flame             Conj/Fire      3%         2d3       99%         4
 Ignition                 Fire           1%         3d3       100%        8


Dungeon Overview and Level Annotations

Branches:
Dungeon (8/15)             Temple (1/1) D:7            Lair (1/5) D:8
Ossuary (visited)

Altars:
Ashenzari
Cheibriados
Dithmenos
Elyvilon
Fedhas
Gozag
Hepliaklqana
Nemelex Xobeh
Okawaru
Qazlal
Ru
Trog
Vehumet
Wu Jian
Xom
Yredelemnul
Zin
The Shining One
Jiyva

Shops:
D:4 :

Annotations:
Lair:1 1 runed translucent door, Quercus's ghost, journeyman DsEE


Innate Abilities, Weirdness & Mutations

You can breathe blasts of noxious fumes.
Your lurid green scales are hard. (AC +7)
You cannot fit into any form of body armour.
Your system is resistant to poisons. (rPois)
You are cold-blooded and may be slowed by cold attacks.
You have acidic saliva.
Your gelatinous body deflects attacks. (AC +3, EV +3)
Your translucent skin reduces your foes' accuracy. (Stealth+)
Your melee attacks may engulf your foes in ooze.


Message History

The basilisk gazes at you. The elephant tramples you!
* * * LOW HITPOINT WARNING * * *
You hold your ground!
The elephant trunk-slaps you but does no damage.
The wyvern bites you but does no damage.
The elephant tramples you.
* * * LOW HITPOINT WARNING * * *
You are shoved backwards!
The wyvern bites you.
* * * LOW HITPOINT WARNING * * *
The elephant completely misses you.
The elephant trunk-slaps you but does no damage.
The elephant barely misses you.
The elephant trunk-slaps you but does no damage.
The basilisk bites you!
* * * LOW HITPOINT WARNING * * *
The elephant tramples you but does no damage.
The elephant trunk-slaps you but does no damage.
Your magical contamination has completely faded away.
The wyvern bites you but does no damage.
The elephant tramples you!
* * * LOW HITPOINT WARNING * * *
You are shoved backwards!
A yak comes into view.
Found 11 gold pieces.
The wyvern bites you but does no damage.
The elephant tramples you!
* * * LOW HITPOINT WARNING * * *
You hold your ground!
The elephant trunk-slaps you but does no damage.
The elephant tramples you.
* * * LOW HITPOINT WARNING * * *
You are shoved backwards!
The basilisk barely misses you. The elephant tramples you.
* * * LOW HITPOINT WARNING * * *
You hold your ground!
The elephant trunk-slaps you but does no damage.
The komodo dragon bites you!
You die...

....................#
.$..................#.
....................#
................#####
...............####
...............##.## ~≈
........S......##..##[~≈
.......YlY........##~.~≈
.......@Y.F........##~~~
.......l.l..........~~~~
........).............~~
................P......≈
......................~.
........................
.....8................†.
.##...Y.#..............#
..#.............


You could see 3 elephants, a komodo dragon, a yak (asleep), a cane toad, a
basilisk, a water moccasin and a wyvern.

Vanquished Creatures
  3 elephants (Lair:1)
  5 blink frogs (Lair:1)
  4 yaks (Lair:1)
  An acid dragon (D:7)
  3 water moccasins
  2 ice beasts
  An orc warrior (D:8)
  2 black bears
  3 ogres
  A phantom (D:6)
  3 centaurs (D:7)
  2 kobold brigands (D:7)
  3 bullfrogs
  2 gnoll sergeants
  3 scorpions
  9 wights
  A howler monkey (D:6)
  2 orc priests
  3 centaur zombies (Ossuary)
  A hound (D:6)
  2 sleepcaps
  Natasha (twice) (D:3)
  An iguana (D:6)
  7 orc wizards
  6 mummies
  6 adders
  11 gnolls
  A shadow imp (D:6)
  3 white imps
  2 ufetubi (D:7)
  A worm (D:4)
  5 dart slugs
  30 orcs
  5 bats
  2 endoplasms
  3 giant cockroaches
  10 hobgoblins
  2 jackals (D:4)
  A quokka (D:1)
  7 ball pythons
  2 frilled lizards
  6 goblins
  7 hobgoblin zombies (Ossuary)
  7 kobolds
  5 rats
188 creatures vanquished.

Vanquished Creatures (collateral kills)
  2 elephants (Lair:1)
  A cane toad (Lair:1)
  A komodo dragon (Lair:1)
  A yak (Lair:1)
5 creatures vanquished.

Vanquished Creatures (others)
  A centaur (D:7)
  2 bullfrogs
  A scorpion (D:7)
  9 jellies
  A gnoll bouda (D:4)
  2 orc priests
  An iguana (D:5)
  A sleepcap (D:7)
  Natasha (D:3)
  An orc wizard (D:8)
  3 gnolls (D:4)
  An adder (D:6)
  5 orcs
  2 ball pythons
  2 kobolds
  10 plants
43 creatures vanquished.

Grand Total: 236 creatures vanquished

Notes
Turn   | Place    | Note
-------+----------+-------------------------------------------
     0 | D:1      | Hackman the Draconian Transmuter began the quest for the
                  | Orb.
     0 | D:1      | Reached XP level 1. HP: 16/16 MP: 3/3
   133 | D:1      | Reached XP level 2. HP: 19/23 MP: 5/5
   580 | D:2      | Reached XP level 3. HP: 28/28 MP: 4/6
   872 | D:2      | Found a faded altar of an unknown god.
   879 | D:2      | Prayed at the altar of an unknown god.
   879 | D:2      | Became a worshipper of Jiyva Jigotel the Shapeless
   879 | D:2      | Reached * piety under Jiyva
  1262 | D:3      | Reached skill level 1 in Axes
  1305 | D:3      | Noticed Natasha
  1309 | D:3      | Reached XP level 4. HP: 25/36 MP: 5/7
  1316 | D:3      | Killed Natasha
  1346 | D:3      | Reached skill level 2 in Axes
  1361 | D:3      | Noticed Natasha
  1366 | D:3      | Killed Natasha
  1367 | D:3      | Reached XP level 5. HP: 40/41 MP: 8/8
  1557 | D:3      | Reached skill level 3 in Axes
  1559 | D:3      | Killed Natasha
  1570 | D:3      | Gained mutation: You occasionally lose the ability to drink
                  | potions when taking damage. [potion of mutation]
  1570 | D:3      | Gained mutation: You expend magic power (3 MP) to
                  | strengthen your wands. [potion of mutation]
  1571 | D:3      | Lost mutation: You occasionally lose the ability to drink
                  | potions when taking damage. [potion of mutation]
  1571 | D:3      | Lost mutation: You expend magic power (3 MP) to strengthen
                  | your wands. [potion of mutation]
  1571 | D:3      | Gained mutation: You possess an exceptional clarity of
                  | mind. [potion of mutation]
  1571 | D:3      | Gained mutation: Your tail ends in a venomous barb. [potion
                  | of mutation]
  1571 | D:3      | Gained mutation: Your flesh is cold resistant. (rC+)
                  | [potion of mutation]
  1575 | D:3      | Learned a level 2 spell: Wereblood
  1579 | D:3      | Reached ** piety under Jiyva
  1845 | D:4      | Reached XP level 6. HP: 49/50 MP: 9/9
  1923 | D:4      | Found a white marble altar of Elyvilon.
  2011 | D:4      | Found Cuorelig's Self-Improvement Boutique.
  2070 | D:4      | Reached *** piety under Jiyva
  2129 | D:4      | Reached skill level 4 in Axes
  2179 | D:4      | Found a sand-covered staircase.
  2192 | Ossuary  | Entered an ossuary
  2211 | Ossuary  | Your scales start taking on a lurid green colour.
  2211 | Ossuary  | Reached XP level 7. HP: 47/57 MP: 10/10
  2211 | Ossuary  | Gained mutation: Your system is resistant to poisons.
                  | (rPois) [Green Draconian growth]
  2229 | Ossuary  | Reached skill level 5 in Axes
  2587 | D:4      | Lost mutation: Your tail ends in a venomous barb. [Jiyva's
                  | grace]
  2587 | D:4      | Lost mutation: Your flesh is cold resistant. (rC+) [Jiyva's
                  | grace]
  2587 | D:4      | Gained mutation: Your translucent skin slightly reduces
                  | your foes' accuracy. (Stealth+) [Jiyva's grace]
  2587 | D:4      | Gained mutation: Your translucent skin reduces your foes'
                  | accuracy. (Stealth+) [Jiyva's grace]
  2587 | D:4      | Gained mutation: Your transparent skin significantly
                  | reduces your foes' accuracy. (Stealth+) [Jiyva's grace]
  2587 | D:4      | Gained mutation: Your melee attacks may engulf your foes in
                  | ooze. [Jiyva's grace]
  2640 | D:5      | Entered Level 5 of the Dungeon
  2731 | D:5      | Reached **** piety under Jiyva
  2735 | D:5      | Reached skill level 6 in Axes
  2849 | D:5      | Found a hazy altar of Hepliaklqana.
  3119 | D:6      | Reached XP level 8. HP: 67/67 MP: 12/12
  3171 | D:6      | Reached skill level 7 in Axes
  3291 | D:6      | Reached ***** piety under Jiyva
  3299 | D:6      | Found a blossoming altar of Fedhas.
  3435 | D:6      | Reached skill level 5 in Fighting
  3547 | D:7      | Reached skill level 8 in Axes
  3621 | D:7      | Reached XP level 9. HP: 73/75 MP: 14/14
  3672 | D:7      | Reached skill level 9 in Axes
  3686 | D:7      | Found a staircase to the Ecumenical Temple.
  3701 | D:7      | Lost mutation: You possess an exceptional clarity of mind.
                  | [Jiyva's grace]
  3701 | D:7      | Lost mutation: Your transparent skin significantly reduces
                  | your foes' accuracy. (Stealth+) [Jiyva's grace]
  3701 | D:7      | Gained mutation: You have acidic saliva. [Jiyva's grace]
  3701 | D:7      | Gained mutation: Your rubbery body absorbs attacks. (AC +1,
                  | EV +1) [Jiyva's grace]
  3701 | D:7      | Gained mutation: Your pliable body absorbs attacks. (AC +2,
                  | EV +2) [Jiyva's grace]
  3701 | D:7      | Gained mutation: Your gelatinous body deflects attacks. (AC
                  | +3, EV +3) [Jiyva's grace]
  3723 | Temple   | Entered the Ecumenical Temple
  3980 | D:7      | Found a broken altar of Ashenzari.
  4134 | D:7      | Found an ornate altar of the Wu Jian Council.
  4232 | D:8      | Reached skill level 1 in Maces & Flails
  4302 | D:8      | Found a stormy altar of Qazlal.
  4305 | D:8      | Found a glowing silver altar of Zin.
  4400 | D:8      | Found a staircase to the Lair.
  4409 | Lair:1   | Entered Level 1 of the Lair of Beasts
  4409 | Lair:1   | Noticed an elephant
  4429 | Lair:1   | Killed an elephant
  4500 | Lair:1   | Noticed a komodo dragon
  4500 | Lair:1   | Noticed a cane toad
  4504 | Lair:1   | Noticed an elephant
  4505 | Lair:1   | Killed a komodo dragon
  4508 | Lair:1   | Killed an elephant
  4509 | Lair:1   | Reached skill level 5 in Dodging
  4509 | Lair:1   | Reached XP level 10. HP: 44/86 MP: 16/16
  4515 | Lair:1   | Killed a cane toad
  4517 | Lair:1   | Noticed an elephant
  4517 | Lair:1   | Noticed an elephant
  4521 | Lair:1   | Noticed an elephant
  4524 | Lair:1   | Killed an elephant
  4532 | Lair:1   | Killed an elephant
  4533 | Lair:1   | Reached skill level 5 in Maces & Flails
  4549 | Lair:1   | Killed an elephant
  4565 | Lair:1   | Found a runed translucent door.
  4566 | Lair:1   | Found a shimmering altar of Xom.
  4566 | Lair:1   | Noticed Quercus's ghost (journeyman DsEE)
  4567 | Lair:1   | Noticed a +1 rapier of chaos
  4644 | Lair:1   | Reached skill level 1 in Shields
  4665 | Lair:1   | Reached ****** piety under Jiyva
  4689 | Lair:1   | Noticed an elephant
  4690 | Lair:1   | Noticed an elephant
  4692 | Lair:1   | Noticed an elephant
  4693 | Lair:1   | Noticed a cane toad
  4700 | Lair:1   | Noticed a cane toad
  4710 | Lair:1   | Slain by a komodo dragon

Illustrated notes

Levels and vault maps discovered:
D:1:      wander_arrival_fairy_ring, layout_rooms
D:2:      layout_basic, dilly_ecumenical_altar_fadedgnrine
D:3:      layout_basic, uniq_natasha
D:4:      layout_basic, elyvilon_altar_1, gup_ossuary_entry_pyramid,
          nicolae_shop_self_help
D:5:      layout_rooms, nicolae_hepliaklqana_hippocampus,
          roderic_cross_of_infinity
D:6:      layout_rooms, nicolae_overflow_hidden_temple
D:7:      layout_rooms, nicolae_overflow_crystal_walls,
          pdpol_wu_jian_five_deadly_venoms, temple_fountains,
          minmay_joined_circles
D:8:      layout_cave_pools, minitemple, lair_entry_dummy
Temple:   eino_wide_crystal_templ
Lair:1:   layout_cave_shapes, ebering_ghost_xom, lemuel_fruit_tree,
          grunt_megastairs_5, infiniplex_staircase_pool_2, serial_bayou_shore_a,
          serial_bayou_shore_b

Skill      XL: |  1  2  3  4  5  6  7  8  9 10 |
---------------+-------------------------------+-----
Dodging        | 2 3 5 |  5.7
Axes           | 1 2 3 4 6 8 9 |  9.6
Fighting       | 2 3 4 5 7 8 |  8.0
Spellcasting   | 3 4 |  4.5
Transmutations | 3 4 |  4.6
Maces & Flails | 3 7 |  7.2
Shields        | 1 |  1.3
Unarmed Combat | |  3.8

Action                     |  1- 3 |  4- 6 |  7- 9 | 10-12 || total
---------------------------+-------+-------+-------+-------++-------
  Melee: Unarmed           |    83 |       |       |       ||    83
         Tailslap          |    13 |    17 |    27 |     8 ||    65
         Kick              |     3 |    13 |    31 |       ||    47
         Headbutt          |     4 |     8 |    18 |       ||    30
         Punch             |     1 |     5 |     6 |       ||    12
         War axe           |    53 |   137 |   192 |       ||   382
         Morningstar       |       |       |    44 |    44 ||    88
         Bite              |       |       |     6 |     4 ||    10
   Cast: Beastly Appendage |     6 |     6 |    14 |       ||    26
         Wereblood         |       |     6 |    14 |     2 ||    22
Ability: Breathe Noxious F |       |       |     1 |     1 ||     2
    Use: Scroll            |     2 |     3 |       |       ||     5
         Potion            |       |     2 |     1 |       ||     3
   Stab: Sleeping          |     1 |       |       |       ||     1
         Confused          |       |       |       |     3 ||     3
 Armour: Skin              |    43 |    51 |    89 |    40 ||   223
  Dodge: Dodged            |   116 |    98 |   339 |    72 ||   625
  Block: Kite shield       |       |       |     1 |    34 ||    35
